 Dungeon Crawl Stone Soup version 0.32-a0-540-g866d13106e (webtiles) character file.

Game seed: 727393401842182622

165 ezpacito the Trooper (level 5, -10/41 HPs)
             Began as a Demonspawn Chaos Knight on Feb 28, 2024.
             Was a Plaything of Xom.
             Mangled by a gnoll
             ... wielding a +0 halberd
              (12 damage)
             ... on level 3 of the Dungeon.
             The game lasted 00:02:20 (2029 turns).

ezpacito the Trooper (Demonspawn Chaos Knight)      Turns: 2029, Time: 00:02:22

Health: -10/41     AC:  7    Str: 15    XL:     5   Next: 22%
Magic:  6/6        EV: 11    Int: 18    God:    Xom [..*...]
Gold:   156        SH:  0    Dex: 12    Spells: 6/6 levels left

rFire   . . .        a - +0 hand axe (chaos)
rCold   . . .        (no shield)
rNeg    . . .        b - +2 leather armour
rPois   .            (no helmet)
rElec   .            (no cloak)
rCorr   .            (no gloves)
SInv    .            (no boots)
Will    +....        (no amulet)
Stlth   +            o - +6 ring of intelligence
HPRegen 0.26/turn    (no ring)
MPRegen 0.10/turn

%: no passive effects
@: confused, ambrosia-drunk, enlightened, flying
A: claws 1, thin metallic scales 1, powered by death 1
a: Renounce Religion


You were on level 3 of the Dungeon.
You worshipped Xom.
You were a toy of Xom.
You visited 1 branch of the dungeon, and saw 3 of its levels.

You collected 156 gold pieces.

Inventory:

Hand Weapons
 a - a +0 hand axe of chaos (weapon)
Armour
 b - a +2 leather armour (worn)
Jewellery
 o - a +6 ring of intelligence (left claw)
Talismans
 q - a blade talisman
Wands
 c - a wand of digging (6)
Scrolls
 d - a scroll of noise {unknown}
 e - 2 scrolls of teleportation {unknown}
 f - a scroll of amnesia {unknown}
 i - 2 scrolls of identify {unknown}
 j - a scroll of brand weapon {unknown}
 l - a scroll of fog {unknown}
Potions
 g - a potion of berserk rage {unknown}
 h - a potion of lignification {unknown}
 k - 2 potions of ambrosia
 m - a potion of brilliance {unknown}
 n - a potion of haste {unknown}


   Skills:
 * Level 3.5 Fighting
 * Level 3.2(3.3) Axes
 + Level 0.9(2.2) Polearms
 * Level 2.2 Armour
 * Level 1.8 Dodging
 + Level 1.1 Stealth
 * Level 1.4 Unarmed Combat
 * Level 1.2 Spellcasting
 + Level 0.3 Evocations


You had 6 spell levels left.
You didn't know any spells.
Your spell library contained the following spells:

 Spells                   Type           Power      Damage    Failure   Level
 Blink                    Tloc           2%         N/A       36%         2
 Lesser Beckoning         Tloc           2%         N/A       36%         2
 Momentum Strike          Conj/Tloc      2%         3d8       36%         2
 Static Discharge         Conj/Air       2%         3-4/arc   36%         2
 Airstrike                Air            0%         2d(1-17)  94%         4
 Summon Lightning Spire   Summ/Air       1%         N/A       94%         4


Dungeon Overview and Level Annotations

Branches:
Dungeon (3/15)

Altars:


Innate Abilities, Weirdness & Mutations

You have sharp fingernails.
You are partially covered in thin metallic scales. (AC +2)
You regenerate a little health from kills.


Message History

The gnoll hits you with a +0 spear. The gnoll hits you with a +0 halberd.
The gnoll hits you with a +0 club. x2
You hit the gnoll. You burn the gnoll.
The gnoll is severely wounded.
You completely miss the gnoll. You hit the gnoll.
You hit the gnoll but do no damage.
The gnoll seems to speed up.
The gnoll hits you with a +0 club. The gnoll barely misses you.
The gnoll closely misses you. The gnoll barely misses you.
Unknown command.
You hit the gnoll.
The gnoll is almost dead.
You hit the gnoll. x2; You burn the gnoll.
You hit the gnoll but do no damage. The gnoll hits you with a +0 club.
The gnoll barely misses you. The gnoll completely misses you.
The gnoll hits you but does no damage. The gnoll closely misses you.
Unknown command.
You hit the gnoll.
The gnoll becomes as fragile as glass!
The gnoll is almost dead.
You closely miss the gnoll. You hit the gnoll but do no damage.
You barely miss the gnoll. The gnoll hits you with a +0 club.
* * * LOW HITPOINT WARNING * * *
The dart slug launches a dart at you.
The slug dart hits you but does no damage.
The gnoll closely misses you. The gnoll hits you with a +0 spear.
* * * LOW HITPOINT WARNING * * *
The gnoll closely misses you.
Okay, then.
It was a potion of enlightenment.
You feel very buoyant.
You fly up into the air.
The gnoll hits you with a +0 club.
* * * LOW HITPOINT WARNING * * *
The gnoll closely misses you. The gnoll misses you.
The gnoll closely misses you. The gnoll hits you but does no damage.
It was a potion of ambrosia.
You are confused.
You feel invigorated. The gnoll hits you with a +0 club.
* * * LOW HITPOINT WARNING * * *
The gnoll hits you with a +0 halberd!
You die...
Xom chortles!

######........
..............##
######....>.....
#...........w.
###.#########...#######+##
#...# #$...........$...#
#...##### #..............#
#...'...# #...g.g........#
#...###.# #..g@g........#
+...+
#.##.#####..........#
#...# #.##.#...#..).......
....# #.##.#.#.###....#+#
##.<..#.##.#.#.####.###.#
####....#.#.#....#†....#
####.#.#.#....#..####
#.#.#.#.#.<#..#
#.............#


You could see 4 gnolls and a dart slug.

Vanquished Creatures
  A jelly (D:2)
  Natasha (twice) (D:2)
  A gnoll (D:2)
  An adder (D:2)
  5 dart slugs
  3 orcs (D:3)
  3 endoplasms (D:2)
  4 giant cockroaches
  3 goblins
  2 hobgoblins
  A quokka (D:2)
  A ball python (D:2)
  4 bats
  A frilled lizard (D:2)
  3 kobolds (D:1)
  A rat (D:1)
36 creatures vanquished.

Vanquished Creatures (collateral kills)
  2 gnolls (D:2)
  A hobgoblin (D:1)
  A bat (D:1)
4 creatures vanquished.

Grand Total: 40 creatures vanquished

Notes
Turn   | Place    | Note
-------+----------+-------------------------------------------
     0 | D:1      | ezpacito the Demonspawn Chaos Knight began the quest for
                  | the Orb.
     0 | D:1      | Reached XP level 1. HP: 18/18 MP: 1/1
   185 | D:1      | XOM: smoke on damage
   188 | D:1      | Reached skill level 1 in Dodging
   212 | D:1      | Gained mutation: You are partially covered in thin metallic
                  | scales. (AC +2) [demonic ancestry]
   212 | D:1      | Reached XP level 2. HP: 24/24 MP: 2/2
  1072 | D:2      | XOM: god gift: scroll labelled VYRONA RIWNON {god gift}
  1082 | D:2      | XOM: divination: detect creatures
  1139 | D:2      | XOM: summons 2 friendly demons
  1146 | D:2      | Reached XP level 3. HP: 15/29 MP: 3/3
  1157 | D:2      | Reached skill level 1 in Stealth
  1157 | D:2      | Reached skill level 1 in Unarmed Combat
  1313 | D:2      | Noticed Natasha
  1319 | D:2      | Natasha changed into Natasha the jelly
  1319 | D:2      | Noticed Natasha
  1319 | D:2      | XOM: enchant monster (good)
  1322 | D:2      | Killed Natasha the jelly
  1323 | D:2      | Reached skill level 1 in Spellcasting
  1323 | D:2      | Gained mutation: You have sharp fingernails. [demonic
                  | ancestry]
  1323 | D:2      | Reached XP level 4. HP: 19/35 MP: 5/5
  1523 | D:2      | Noticed Natasha
  1530 | D:2      | Killed Natasha
  1640 | D:2      | XOM: god gift: green potion {god gift}
  1728 | D:2      | Noticed Natasha
  1737 | D:2      | Killed Natasha
  1738 | D:2      | Gained mutation: You regenerate a little health from kills.
                  | [demonic ancestry]
  1738 | D:2      | Reached XP level 5. HP: 32/41 MP: 6/6
  2028 | D:3      | HP: 2/41 [gnoll/+0 club (2)]
  2029 | D:3      | Mangled by a gnoll

Illustrated notes

Levels and vault maps discovered:
D:1:      scummos_arrival_checkerplants, layout_loops_corners,
          serial_park_tiny_2, nicolae_concentric_dashed_squares_wild,
          hangedman_decor_growths, minmay_3d_cube
D:2:      layout_basic, uniq_natasha
D:3:      layout_basic

Skill      XL: |  1  2  3 |
---------------+----------+-----
Dodging        | 1 |  1.8
Armour         | 2 |  2.2
Stealth        | 1 |  1.1
Unarmed Combat | 1 |  1.4
Axes           | 3 |  3.2
Spellcasting   | 1 |  1.2
Fighting       | |  3.5
Polearms       | |  0.9
Evocations     | |  0.3

Action                     |  1- 3 |  4- 6 || total
---------------------------+-------+-------++-------
  Melee: Hand axe          |    73 |    65 ||   138
    Use: Potion            |     1 |     2 ||     3
         Scroll            |     1 |       ||     1
   Stab: Paralysed         |     3 |       ||     3
         Sleeping          |       |     1 ||     1
 Armour: Leather armour    |    45 |    54 ||    99
  Dodge: Dodged            |    56 |    52 ||   108

Table legend: (Time is in decaauts)
 A = Elapsed time spent in this place.
 B = Non-inter-level travel time spent in this place.
 C = Inter-level travel time spent in this place.
 D = Time resting spent in this place.
 E = Time spent auto-exploring this place.
 F = Levels seen in this place.
 G = Mean time per level.
                   A        B        C        D        E       F      G
               +--------+--------+--------+--------+--------+-----+--------+
         Total |   2055 |   2005 |     50 |      9 |   1587 |   3 |  685.0 |
       Dungeon |   2055 |   2005 |     50 |      9 |   1587 |   3 |  685.0 |
               +--------+--------+--------+--------+--------+-----+--------+

Top non-repeatable levels by time:
     D:1: 1022 daAuts
     D:2: 914 daAuts
     D:3: 118 daAuts
